Map: Triton LE

Players

AchaNGel

  • Race: Terran Terran
  • League: Gold
  • Spawn Location: 11:00

ViBE - Winner!

  • Race: Zerg Zerg
  • League: Platinum
  • Spawn Location: 5:00

VOD

Have the link to the VOD?

Description

Time

  • Played on: Dec. 12, 2019, 10:31 p.m.
  • Length: 13:27
Show
View Real Time Build Order
Export as new Build Order

AchaNGel Terran 

Build Orders: Reaper Expand 

Get SALT Encoding   

  12  0:03  SCV  
  13  0:15  SCV  
  13  0:20  Supply Depot  
  14  0:27  SCV  
  15  0:41  SCV  
  16  0:43  Barracks  
  16  0:46  Refinery  
  16  0:53  SCV  
  17  1:06  SCV  
  18  1:18  SCV  
  19  1:28  Supply Depot  
  19  1:30  Orbital Command  
  19  1:31  Reaper  
  20  1:54  Command Center  
  20  1:56  SCV  
  21  2:04  Barracks  
  21  2:10  SCV  
  22  2:19  Barracks Tech Lab  
  23  2:22  SCV  
  23  2:31  Refinery  
  23  2:34  SCV  
  24  2:37  Combat Shield  
  24  2:38  Marine  
  25  2:47  SCV  
  26  2:58  Barracks Reactor  
  26  2:59  SCV  
  26  3:02  Bunker  
  27  3:10  Orbital Command  
  27  3:11  SCV  
  28  3:16  Marine  
  29  3:23  SCV  
  29  3:32  Supply Depot  
  29  3:34  Marine x3, Factory  
  29  3:35  SCV  
  29  3:37  SCV  
  34  3:47  SCV  
  35  3:49  SCV  
  35  3:52  Marine x2  
  35  3:55  Supply Depot  
  38  3:59  SCV  
  38  4:01  SCV  
  40  4:03  Marine  
  40  4:08  Stimpack  
  41  4:10  Marine x2  
  43  4:21  Marine, Factory Reactor, Supply Depot  
  44  4:24  SCV x2, Starport  
  44  4:28  Marine x2, Engineering Bay  
  44  4:31  Engineering Bay  
  48  4:36  SCV x2  
  50  4:39  Marine  
  51  4:45  Marine x2  
  51  4:48  SCV  
  51  4:49  SCV  
  55  4:57  Marine  
  56  5:00  SCV  
  56  5:01  SCV  
  56  5:03  Marine x2, Supply Depot  
  56  5:06  Terran Infantry Weapons Level 1, Terran Infantry Armor Level 1  
  60  5:13  SCV x2  
  62  5:15  Marine  
  62  5:20  Medivac x2  
  67  5:21  Marine x2  
  67  5:25  SCV x2, Supply Depot, Refinery  
  71  5:33  Marine  
  72  5:37  SCV x2  
  72  5:39  Marine, Marauder  
  72  5:42  Barracks  
  77  5:50  Marine  
  79  5:57  SCV x2, Marine  
  79  5:58  Medivac x2  
  85  6:08  Marine  
  86  6:14  Supply Depot  
  86  6:21  Refinery  
  86  6:34  Marine, Command Center  
  86  6:35  Marine, SCV x2, Medivac x2  
  86  6:36  Marauder  
  86  6:37  Supply Depot  
  82  6:52  Marine  
  84  6:54  SCV x2  
  84  6:58  Marine x2  
  84  7:00  Supply Depot  
  87  7:05  Barracks  
  87  7:06  Barracks Tech Lab  
  87  7:08  Medivac x2  
  91  7:09  Concussive Shells  
  91  7:12  SCV x2  
  93  7:18  Armory  
  93  7:20  Marine  
  93  7:21  Marine  
  93  7:22  Marauder  
  97  7:24  SCV x2  
  97  7:38  Marine x2  
  97  7:44  Marauder  
  101  7:50  Marine  
  101  7:51  Medivac x2  
  104  7:53  Barracks Tech Lab  
  104  7:57  Marine x2  
  106  8:05  Marauder  
  108  8:08  Marauder  
  110  8:22  Terran Infantry Weapons Level 2  
  110  8:27  Supply Depot  
  110  8:29  Supply Depot  
  110  8:38  Terran Infantry Armor Level 2  
  110  8:41  Command Center  
  110  8:47  Barracks  
  110  8:48  Marine x2, Medivac  
  110  8:49  Marauder x2  
  110  8:51  Marauder  
  120  8:56  Medivac  
  122  9:06  Marine x2  
  124  9:10  Marauder  
  124  9:12  Marauder  
  124  9:13  Marauder  
  124  9:16  Supply Depot  
  130  9:19  Supply Depot  
  130  9:21  Supply Depot x2  
  130  9:22  Supply Depot, Planetary Fortress  
  130  9:24  Marine x2  
  131  9:31  Medivac x2, Marauder  
  131  9:33  Marine  
  131  9:34  Marauder  
  131  9:36  Barracks Tech Lab  
  140  9:41  Marine x2  
  145  9:55  Marauder  
  145  9:59  SCV x2  
  149  10:05  Marine x2  
  152  10:09  Marauder x3  
  152  10:11  SCV  
  154  10:16  Marauder  
  156  10:22  Marine  
  156  10:23  Marine  
  158  10:31  Marauder x3  
  164  10:37  Marine  
  164  10:40  Marine  
  149  10:43  Marine  
  149  10:45  Medivac x2  
  125  10:52  Marine, Marauder x2  
  125  10:56  Marauder  
  116  10:58  Marine  
  116  11:01  Marine  
  114  11:10  Marauder  
  112  11:13  Marauder  
  112  11:14  Marauder  
  112  11:16  Refinery x2  
  112  11:17  Liberator  
  116  11:20  Marine x2, Marauder  
  120  11:30  Refinery  
  120  11:31  Refinery, Marauder  
  122  11:34  Marine  
  122  11:35  Marauder  
  122  11:38  Marine x2  
  130  11:41  Marauder  
  132  11:52  Marine  
  132  11:53  Marauder  
  135  11:55  Marine  
  135  11:56  Marine x2  
  125  12:02  Marine  
  125  12:07  Liberator  
  104  12:09  Liberator  
  104  12:11  Marauder  
  104  12:14  Marine x2, Marauder x2  
  106  12:21  Marauder  
  114  12:32  Marauder  
  114  12:33  Planetary Fortress  
  114  12:35  Marauder x2  
  120  12:38  Marine x2  
  120  12:42  Marauder  
  124  12:49  Command Center  
  124  12:53  Marauder  
  124  12:56  Marine  
  124  12:57  Marauder x2  
  131  12:59  Marine  
  131  13:03  Marauder  
Show
View Real Time Build Order
Export as new Build Order

ViBE Zerg - Winner!

Build Orders: Hatch First, Lurkers, Roach Hydra 

Get SALT Encoding   

  12  0:01  Drone  
  13  0:13  Overlord  
  13  0:16  Drone  
  14  0:32  Drone x2  
  16  0:39  Drone  
  17  0:52  Hatchery  
  16  0:59  Drone  
  16  1:00  Drone  
  18  1:14  Spawning Pool  
  18  1:15  Drone  
  18  1:21  Drone  
  19  1:32  Drone  
  20  1:38  Extractor  
  19  1:43  Drone  
  20  2:04  Queen  
  20  2:05  Queen  
  20  2:06  Zergling x4  
  26  2:09  Overlord  
  26  2:14  Drone  
  27  2:19  Drone  
  28  2:32  Drone  
  28  2:33  Drone  
  28  2:36  Drone  
  31  2:42  Drone  
  31  2:47  Lair  
  31  2:48  Queen  
  31  2:50  Overlord  
  33  2:52  Drone  
  33  2:57  Drone  
  35  3:04  Drone  
  36  3:08  Hatchery  
  36  3:12  Drone x2  
  37  3:20  Drone x4  
  37  3:23  Drone  
  37  3:24  Drone  
  43  3:28  Overlord  
  43  3:39  Roach Warren  
  43  3:40  Drone  
  43  3:41  Drone, Evolution Chamber  
  44  3:48  Drone x4  
  44  3:52  Extractor  
  44  3:54  Extractor  
  45  4:02  Drone x6  
  51  4:15  Overlord x2  
  51  4:22  Overlord x2  
  51  4:23  Overlord  
  50  4:24  Glial Reconstitution  
  50  4:26  Zerg Missile Weapons Level 1  
  50  4:30  Evolution Chamber  
  49  4:33  Queen  
  49  4:37  Drone  
  49  4:38  Drone x2  
  54  4:39  Drone  
  54  4:41  Drone  
  57  4:47  Evolution Chamber  
  56  5:03  Drone x8  
  64  5:14  Overlord x2  
  64  5:17  Drone x6  
  70  5:26  Zerg Ground Armor Level 1  
  70  5:31  Infestation Pit  
  70  5:34  Roach x6  
  70  5:35  Overseer  
  81  5:43  Roach  
  81  5:44  Roach x2  
  81  5:49  Extractor x2  
  85  6:03  Roach x3  
  85  6:04  Hatchery, Roach x6  
  104  6:11  Roach x3  
  108  6:20  Overlord x3  
  108  6:22  Zerg Missile Weapons Level 2  
  108  6:26  Extractor  
  108  6:30  Roach  
  108  6:31  Roach x2  
  113  6:38  Drone x3  
  110  6:52  Drone x5  
  115  6:56  Drone x4  
  118  7:07  Infestation Pit  
  117  7:18  Overlord  
  117  7:19  Overlord  
  117  7:21  Hatchery  
  117  7:22  Drone x6  
  122  7:34  Hatchery  
  122  7:37  Drone x11  
  122  7:43  Queen  
  134  7:49  Hive, Zerg Ground Armor Level 2  
  132  7:52  Hydralisk Den, Hatchery  
  130  8:10  Overlord x5  
  130  8:11  Overlord  
  130  8:14  Extractor  
  130  8:15  Extractor  
  130  8:16  Overlord x2  
  128  8:21  Lurker Den, Hydralisk x3  
  128  8:22  Hydralisk x8  
  128  8:23  Grooved Spines  
  149  8:29  Drone x2  
  149  8:30  Drone  
  152  8:35  Drone x3  
  152  8:37  Drone  
  156  8:41  Hydralisk  
  158  8:58  Hydralisk  
  158  8:59  Hydralisk x10  
  180  9:09  Hydralisk x3  
  180  9:10  Hydralisk  
  180  9:13  Hatchery  
  187  9:19  Spore Crawler  
  187  9:20  Spine Crawler  
  187  9:22  Spore Crawler  
  187  9:23  Spine Crawler  
  183  9:24  Spine Crawler  
  183  9:25  Spine Crawler  
  183  9:26  Spore Crawler  
  183  9:27  Spine Crawler  
  183  9:30  Spine Crawler  
  176  9:31  Spore Crawler  
  176  9:35  Muscular Augments  
  175  9:39  Spine Crawler  
  175  9:43  Spine Crawler  
  175  9:45  Drone x6  
  174  9:46  Drone x5  
  174  9:48  Drone  
  174  9:49  Drone  
  174  9:51  Drone x2  
  186  9:56  Spore Crawler, Spine Crawler  
  186  9:58  Spine Crawler  
  183  10:01  Adaptive Talons  
  183  10:03  Lurker  
  183  10:04  Lurker x3  
  183  10:05  Lurker x2  
  190  10:07  Lurker  
  190  10:12  Lurker x4  
  194  10:18  Spire  
  193  10:27  Extractor  
  193  10:28  Extractor  
  191  10:41  Hydralisk x11  
  191  10:43  Hydralisk  
  191  10:45  Hydralisk  
  169  10:52  Drone x3  
  169  10:53  Drone  
  169  10:54  Drone x6  
  172  10:58  Seismic Spines  
  172  11:03  Drone  
  172  11:04  Drone x2  
  171  11:12  Spine Crawler  
  171  11:15  Spine Crawler  
  169  11:34  Queen  
  169  11:39  Greater Spire, Hydralisk x6  
  173  11:40  Hydralisk x3  
  189  11:58  Hydralisk x4  
  189  11:59  Hydralisk x4  
  189  12:00  Metabolic Boost  
  193  12:12  Drone x6  
  193  12:13  Drone x3  
  194  12:16  Spore Crawler, Spine Crawler  
  194  12:17  Spine Crawler  
  194  12:18  Extractor  
  194  12:21  Hydralisk x7  
  198  12:23  Hydralisk  
  198  12:24  Extractor  
  199  12:53  Spine Crawler, Hydralisk  
Tags
 
Matchup
TvZ
Replay Pack
Zerg
Spawn Locations
Cross Positions
Add a new tag
Caveats
  • Supply blocks, unpowered buildings, or Contaminate may cause inaccurate times.
  • Supply counts are checked every 10 seconds.